3L
BUCKHEAD BOWTIES @ ECHO PARK LAKERS
06/07/2038
 
TOP OF THE 1ST
Buckhead Bowties batting - Pitching for Echo Park Lakers : RHP Wop Baars
Pitching: RHP Wop Baars
Batting: RHB Barsati Saraf 0-0: Ball
1-0: Fly out, F9 (Flyball, 9, EV 78.1 MPH)
Batting: LHB Jesús Encarnación 0-0: Called Strike
0-1: Called Strike
0-2: Ball
1-2: Ball
2-2: Ball
3-2: Base on Balls
Batting: LHB Marcus Shill 0-0: Swinging Strike
0-1: Called Strike
0-2: Foul Ball, location: 2F
0-2: Ball
1-2: Ball
2-2: Foul Ball, location: 2F
2-2: Grounds into double play, 4-6-3 (Groundball, 4, EV 106.2 MPH)
Top of the 1st over - 0 runs, 0 hits, 0 errors, 0 left on base; Buckhead 0 - Echo Park 0
BOTTOM OF THE 1ST
Echo Park Lakers batting - Pitching for Buckhead Bowties : RHP Pascal Martin
Pitching: RHP Pascal Martin
Batting: LHB Wu-shun Chu 0-0: Called Strike
0-1: Swinging Strike
0-2: Strikes out looking
Batting: RHB Komotay Koffie 0-0: Foul Ball, location: 2F
0-1: Foul Ball, location: 2F
0-2: Ball
1-2: Ball
2-2: Foul Ball, location: 2F
2-2: Ball
3-2: Fly out, F7 (Line Drive, 7, EV 86.2 MPH)
Batting: LHB Tomás Muinos 0-0: Ball
1-0: Foul Ball, location: 2F
1-1: Ball
2-1: Ball
3-1: DOUBLE (Groundball, 3L, EV 95.0 MPH)
Batting: LHB Rich Watkins 0-0: Fly out, F7 (Flyball, 7LSF, EV 81.9 MPH)
Bottom of the 1st over - 0 runs, 1 hit, 0 errors, 1 left on base; Buckhead 0 - Echo Park 0
TOP OF THE 2ND
Buckhead Bowties batting - Pitching for Echo Park Lakers : RHP Wop Baars
Batting: LHB Shunso Kiyomizu 0-0: Called Strike
0-1: Called Strike
0-2: Ball
1-2: Ball
2-2: Ball
3-2: Foul Ball, location: 2F
3-2: Foul Ball, location: 2F
3-2: Strikes out swinging
Batting: RHB Emílio Agramónte 0-0: Ball
1-0: Called Strike
1-1: Ball
2-1: Ball
3-1: Swinging Strike
3-2: DOUBLE (Line Drive, 8LXD, EV 101.2 MPH)
Batting: LHB Badry Maksimenov 0-0: Ball
1-0: Ball
2-0: Ball
3-0: Base on Balls
Batting: SHB Nuygen Vuong 0-0: Called Strike
0-1: Ball
1-1: Called Strike
1-2: Foul Ball, location: 2F
1-2: Strikes out swinging
Batting: RHB Nick Bechtel 0-0: Swinging Strike
0-1: Called Strike
0-2: Ball
1-2: Strikes out swinging
Top of the 2nd over - 0 runs, 1 hit, 0 errors, 2 left on base; Buckhead 0 - Echo Park 0
BOTTOM OF THE 2ND
Echo Park Lakers batting - Pitching for Buckhead Bowties : RHP Pascal Martin
Batting: RHB Angeddy Almanzar 0-0: SINGLE (Groundball, 6MD, EV 102.5 MPH)
Batting: RHB Ryoma Yamamoto 0-0: Fly out, F5 (Line Drive, 5, EV 76.2 MPH)
Batting: RHB Phil Gillespie 0-0: Grounds into double play, 6-4-3 (Groundball, 6, EV 81.2 MPH)
Bottom of the 2nd over - 0 runs, 1 hit, 0 errors, 0 left on base; Buckhead 0 - Echo Park 0
TOP OF THE 3RD
Buckhead Bowties batting - Pitching for Echo Park Lakers : RHP Wop Baars
Batting: SHB Henrique de Senna Fernandes 0-0: Foul Ball, location: 2F
0-1: Ball
1-1: Bunt missed!
1-2: Ground out 4-3 (Groundball, 4, EV 100.0 MPH)
Batting: RHB Barsati Saraf 0-0: Ball
1-0: Fly out, F8 (Flyball, 8RM, EV 83.1 MPH)
Batting: LHB Jesús Encarnación 0-0: Called Strike
0-1: Ball
1-1: Ground out 1-3 (Groundball, 23, EV 82.5 MPH)
Top of the 3rd over - 0 runs, 0 hits, 0 errors, 0 left on base; Buckhead 0 - Echo Park 0
BOTTOM OF THE 3RD
Echo Park Lakers batting - Pitching for Buckhead Bowties : RHP Pascal Martin
Batting: RHB Felipe Campos 0-0: Ball
1-0: Called Strike
1-1: Ball
2-1: Swinging Strike
2-2: Strikes out swinging, 2-3 out at first.
Batting: RHB Brodie Floyd 0-0: Called Strike
0-1: Foul Ball, location: 2F
0-2: Fly out, F7 (Flyball, 7LM, EV 89.4 MPH)
Batting: LHB Wu-shun Chu 0-0: Ball
1-0: Called Strike
1-1: Ground out 5-3 (Groundball, 5, EV 87.5 MPH)
Bottom of the 3rd over - 0 runs, 0 hits, 0 errors, 0 left on base; Buckhead 0 - Echo Park 0
TOP OF THE 4TH
Buckhead Bowties batting - Pitching for Echo Park Lakers : RHP Wop Baars
Batting: LHB Marcus Shill 0-0: Ball
1-0: Ball
2-0: Ball
3-0: Base on Balls
Batting: LHB Shunso Kiyomizu 0-0: Called Strike
0-1: Fly out, F8 (Flyball, 8LD, EV 95.6 MPH)
Batting: RHB Emílio Agramónte 0-0: Called Strike
0-1: Ball
1-1: Ground out U3 (Groundball, 34, EV 85.6 MPH)
Marcus Shill to second
Batting: LHB Badry Maksimenov 0-0: Called Strike
0-1: Foul Ball, location: 2F
0-2: Strikes out looking
Top of the 4th over - 0 runs, 0 hits, 0 errors, 1 left on base; Buckhead 0 - Echo Park 0
BOTTOM OF THE 4TH
Echo Park Lakers batting - Pitching for Buckhead Bowties : RHP Pascal Martin
Batting: RHB Komotay Koffie 0-0: Called Strike
0-1: Foul Ball, location: 2F
0-2: Ball
1-2: Foul Ball, location: 2F
1-2: Ball
2-2: Ball
3-2: Ground out 6-3 (Groundball, 56, EV 85.0 MPH)
Batting: LHB Tomás Muinos 0-0: Called Strike
0-1: Ball
1-1: Ball
2-1: Ball
3-1: Foul Ball, location: 2F
3-2: Foul Ball, location: 2F
3-2: Fly out, F8 (Flyball, 8LM, EV 86.2 MPH)
Batting: LHB Rich Watkins 0-0: Ball
1-0: Called Strike
1-1: Ball
2-1: Foul Ball, location: 2F
2-2: Strikes out swinging
Bottom of the 4th over - 0 runs, 0 hits, 0 errors, 0 left on base; Buckhead 0 - Echo Park 0
TOP OF THE 5TH
Buckhead Bowties batting - Pitching for Echo Park Lakers : RHP Wop Baars
Batting: SHB Nuygen Vuong 0-0: DOUBLE (Flyball, 89XD, EV 107.5 MPH)
Batting: RHB Nick Bechtel 0-0: Ball
1-0: Foul Ball, location: 2F
1-1: Foul Ball, location: 2F
1-2: Ball
2-2: Foul Ball, location: 2F
2-2: Ball
3-2: DOUBLE (Line Drive, 78D, EV 108.8 MPH)
Nuygen Vuong scores
Batting: SHB Henrique de Senna Fernandes 0-0: Ball
1-0: Ground out 1-3 (Groundball, 13S, EV 65.0 MPH)
Nick Bechtel to third
Batting: RHB Barsati Saraf 0-0: Called Strike
0-1: Ground out 1-3 (Groundball, 13, EV 80.0 MPH)
Batting: LHB Jesús Encarnación 0-0: Ball
1-0: Ball
2-0: Foul Ball, location: 2F
2-1: Foul Ball, location: 2F
2-2: Foul Ball, location: 2F
2-2: Foul Ball, location: 2F
2-2: Ball
3-2: Base on Balls
Batting: LHB Marcus Shill 0-0: Ball
1-0: Called Strike
1-1: Swinging Strike
1-2: Ball
2-2: Foul Ball, location: 2F
2-2: Ball
3-2: Foul Ball, location: 2F
3-2: Strikes out swinging
Top of the 5th over - 1 run, 2 hits, 0 errors, 2 left on base; Buckhead 1 - Echo Park 0
BOTTOM OF THE 5TH
Echo Park Lakers batting - Pitching for Buckhead Bowties : RHP Pascal Martin
Batting: RHB Angeddy Almanzar 0-0: Ball
1-0: Swinging Strike
1-1: Ground out U3 (Groundball, 34, EV 101.9 MPH)
Batting: RHB Ryoma Yamamoto 0-0: Ball
1-0: Swinging Strike
1-1: SINGLE (Groundball, 34D, EV 98.8 MPH)
Batting: RHB Phil Gillespie 0-0: Ball
1-0: Foul Ball, location: 2F
1-1: Ball
2-1: 2-RUN HOME RUN (Flyball, 7D, EV 97.5 MPH), Distance : 367 ft
Batting: RHB Felipe Campos 0-0: Called Strike
0-1: Ball
1-1: Ball
2-1: Foul Ball, location: 2F
2-2: Fly out, F8 (Line Drive, 8RD, EV 86.2 MPH)
Batting: RHB Brodie Floyd 0-0: Called Strike
0-1: Ball
1-1: Ball
2-1: Ground out 5-3 (Groundball, 56S, EV 85.6 MPH)
Bottom of the 5th over - 2 runs, 2 hits, 0 errors, 0 left on base; Buckhead 1 - Echo Park 2
TOP OF THE 6TH
Buckhead Bowties batting - Pitching for Echo Park Lakers : RHP Wop Baars
Batting: LHB Shunso Kiyomizu 0-0: Ball
1-0: Called Strike
1-1: Called Strike
1-2: Fly out, F8 (Flyball, 89S, EV 93.1 MPH)
Batting: RHB Emílio Agramónte 0-0: Called Strike
0-1: Ball
1-1: SOLO HOME RUN (Line Drive, 8RXD, EV 105.6 MPH), Distance : 430 ft
Batting: LHB Badry Maksimenov 0-0: Fly out, F7 (Flyball, 78D, EV 108.1 MPH)
Batting: SHB Nuygen Vuong 0-0: Ball
1-0: Ball
2-0: Called Strike
2-1: Swinging Strike
2-2: Ball
3-2: Foul Ball, location: 2F
3-2: Base on Balls
Batting: RHB Nick Bechtel 0-0: Called Strike
0-1: Called Strike
Nuygen Vuong steals 2nd base
0-2: Ball
1-2: Ball
2-2: Foul Ball, location: 2F
2-2: Foul Ball, location: 2F
2-2: Ball
3-2: Foul Ball, location: 2F
3-2: DOUBLE (Line Drive, 7LD, EV 102.5 MPH)
Nuygen Vuong scores
Pitching: RHP Bobby Roode
Batting: SHB Henrique de Senna Fernandes 0-0: Foul Ball, location: 2F
0-1: Ball
1-1: Ball
2-1: Fly out, F8 (Flyball, 8RD, EV 84.4 MPH)
Top of the 6th over - 2 runs, 2 hits, 0 errors, 1 left on base; Buckhead 3 - Echo Park 2
BOTTOM OF THE 6TH
Echo Park Lakers batting - Pitching for Buckhead Bowties : RHP Pascal Martin
Batting: LHB Wu-shun Chu 0-0: Fly out, F8 (Flyball, 8LD, EV 108.1 MPH)
Batting: RHB Komotay Koffie 0-0: Ball
1-0: Ball
2-0: Ball
3-0: SINGLE (Line Drive, 5D, EV 104.4 MPH)
Batting: LHB Tomás Muinos 0-0: Hit by Pitch
Komotay Koffie to second
Batting: LHB Rich Watkins 0-0: Hit by Pitch
Komotay Koffie to third
Tomás Muinos to second
Pitching: RHP Brian Fixel
Batting: RHB Angeddy Almanzar 0-0: Swinging Strike
0-1: Foul Ball, location: 2F
0-2: Foul Ball, location: 2F
0-2: Strikes out swinging
Batting: RHB Ryoma Yamamoto 0-0: Ball
1-0: Ball
2-0: Ball
3-0: Base on Balls
Komotay Koffie scores
Tomás Muinos to third
Rich Watkins to second
Batting: RHB Phil Gillespie 0-0: SINGLE (Line Drive, 7LS, EV 92.5 MPH)
Tomás Muinos scores
Rich Watkins to third
Ryoma Yamamoto to second
Runner from 3rd tries for Home, SAFE, throw by LF to home
Batting: RHB Felipe Campos 0-0: Foul Ball, location: 2F
0-1: Called Strike
0-2: Strikes out swinging
Bottom of the 6th over - 3 runs, 2 hits, 0 errors, 2 left on base; Buckhead 3 - Echo Park 5
TOP OF THE 7TH
Buckhead Bowties batting - Pitching for Echo Park Lakers : RHP Bobby Roode
Batting: RHB Barsati Saraf 0-0: Swinging Strike
0-1: Ball
1-1: Fly out, F9 (Flyball, 9S, EV 90.0 MPH)
Batting: LHB Jesús Encarnación 0-0: Ball
1-0: Called Strike
1-1: Called Strike
1-2: Foul Ball, location: 2F
1-2: Foul Ball, location: 2F
1-2: Foul Ball, location: 2F
1-2: Ball
2-2: Ball
3-2: Fly out, F5 (Popup, 6, EV 80.0 MPH)
Batting: LHB Marcus Shill 0-0: Fly out, F9 (Flyball, 9D, EV 99.4 MPH)
Top of the 7th over - 0 runs, 0 hits, 0 errors, 0 left on base; Buckhead 3 - Echo Park 5
BOTTOM OF THE 7TH
Echo Park Lakers batting - Pitching for Buckhead Bowties : RHP Brian Fixel
Batting: RHB Brodie Floyd 0-0: Called Strike
0-1: Ground out 6-3 (Groundball, 6, EV 81.9 MPH)
Batting: LHB Wu-shun Chu 0-0: Ball
1-0: Fly out, F7 (Flyball, 7S, EV 88.8 MPH)
Batting: RHB Komotay Koffie 0-0: Called Strike
0-1: Ball
1-1: Foul Ball, location: 2F
1-2: Strikes out swinging
Bottom of the 7th over - 0 runs, 0 hits, 0 errors, 0 left on base; Buckhead 3 - Echo Park 5
TOP OF THE 8TH
Buckhead Bowties batting - Pitching for Echo Park Lakers : RHP Bobby Roode
Batting: LHB Shunso Kiyomizu 0-0: Foul Ball, location: 2F
0-1: Ball
1-1: Ball
2-1: DOUBLE (Line Drive, 8RXD, EV 101.9 MPH)
Batting: RHB Emílio Agramónte 0-0: Ball
1-0: Ball
2-0: Called Strike
2-1: Fly out, F4 (Popup, 3S, EV 81.2 MPH)
Batting: LHB Badry Maksimenov 0-0: Called Strike
0-1: Fly out, F9 (Flyball, 89D, EV 90.0 MPH)
Runner from 2nd tags up, SAFE at 3rd, no throw by RF
Batting: SHB Nuygen Vuong 0-0: Ball
1-0: Swinging Strike
1-1: Ball
2-1: Foul Ball, location: 2F
2-2: Foul Ball, location: 2F
2-2: Ball
3-2: Ground out 1-3 (Groundball, 34S, EV 77.5 MPH)
Top of the 8th over - 0 runs, 1 hit, 0 errors, 1 left on base; Buckhead 3 - Echo Park 5
BOTTOM OF THE 8TH
Echo Park Lakers batting - Pitching for Buckhead Bowties : RHP Brian Fixel
Batting: LHB Tomás Muinos 0-0: Ball
1-0: Called Strike
1-1: Ball
2-1: DOUBLE (Line Drive, 89M, EV 95.0 MPH)
Batting: LHB Rich Watkins 0-0: Fly out, F4 (Popup, 3D, EV 58.1 MPH)
Batting: RHB Angeddy Almanzar 0-0: Fly out, F8 (Flyball, 89S, EV 94.4 MPH)
Batting: RHB Ryoma Yamamoto 0-0: Ball
1-0: Called Strike
1-1: Called Strike
1-2: Ground out 6-3 (Groundball, 6, EV 94.4 MPH)
Bottom of the 8th over - 0 runs, 1 hit, 0 errors, 1 left on base; Buckhead 3 - Echo Park 5
TOP OF THE 9TH
Buckhead Bowties batting - Pitching for Echo Park Lakers : RHP Bobby Roode
Pitching: RHP Corbin Holling
Now at 3B: Freddy Torres
Batting: RHB Nick Bechtel 0-0: Foul Ball, location: 2F
0-1: SINGLE (Line Drive, 7S, EV 100.0 MPH)
Batting: SHB Henrique de Senna Fernandes 0-0: Ball
1-0: Ball
2-0: Fielders Choice at 2nd, 4-6 (Groundball, 34, EV 85.6 MPH)
Batting: RHB Barsati Saraf 0-0: Ball
1-0: Swinging Strike
1-1: SINGLE (Groundball, 56D, EV 93.8 MPH)
Henrique de Senna Fernandes to second
Batting: LHB Jesús Encarnación 0-0: Foul Ball, location: 2F
0-1: Swinging Strike
0-2: Strikes out swinging
Batting: LHB Marcus Shill 0-0: Called Strike
0-1: SINGLE (Line Drive, 8LS, EV 96.9 MPH)
Henrique de Senna Fernandes to third
Barsati Saraf to second
Batting: LHB Shunso Kiyomizu 0-0: Foul Ball, location: 2F
0-1: Ball
1-1: Called Strike
1-2: Strikes out looking
Top of the 9th over - 0 runs, 3 hits, 0 errors, 3 left on base; Buckhead 3 - Echo Park 5
Friday, April 17th, 2020 - OOTP Baseball 20.8 Build 74